 Dungeon Crawl Stone Soup version 0.27.0-1-g7a089689b8 (webtiles) character file.

Game seed: 6612299617549262545

16 Spectrina the Ducker (level 2, -2/18 HPs)
             Began as a Deep Elf Monk on Aug 2, 2021.
             Slain by a gnoll (5 damage)
             ... on level 3 of the Dungeon.
             The game lasted 00:03:24 (445 turns).

Spectrina the Ducker (Deep Elf Monk)                 Turns: 445, Time: 00:03:25

Health: -2/18      AC:  2    Str:  7 (8)  XL:     2   Next: 37%
Magic:  5/5        EV: 13    Int: 11 (14) God:
Gold:   33         SH:  0    Dex: 15 (17) Spells: 1/1 levels left

rFire    . . .     SeeInvis .   a - +0 short sword
rCold    . . .     Faith    +   (no shield)
rNeg     . . .     Spirit   .   i - +0 robe
rPois    .         Reflect  .   (no helmet)
rElec    .         Harm     .   (no cloak)
rCorr    .         Rampage  .   (no gloves)
Will     .....                  (no boots)
Stlth    ++........             k - amulet of faith
HPRegen  0.06/turn              (no ring)
MPRegen  0.09/turn              (no ring)

@: mighty, hasted, very quick
A: no striking features
a: no special abilities


You were on level 3 of the Dungeon.
You visited 1 branch of the dungeon, and saw 3 of its levels.

You collected 33 gold pieces.

Inventory:

Hand Weapons
 a - a +0 short sword (weapon)
 b - a +0 dagger
Missiles
 c - 15 stones
 h - 16 poisoned darts (quivered)
 o - 40 arrows
Armour
 i - a +0 robe (worn)
Jewellery
 k - an amulet of faith (around neck)
Wands
 l - a wand of mindburst (8)
Scrolls
 e - a scroll of immolation {unknown}
 f - a scroll of magic mapping {unknown}
 m - a scroll of identify {unknown}


   Skills:
 - Level 2.4 Fighting
 - Level 3.0 Short Blades
 - Level 3.6 Dodging
 + Level 3.0 Stealth
 * Level 1.9 Invocations


You had one spell level left.
You didn't know any spells.
Your spell library was empty.

Dungeon Overview and Level Annotations

Branches:
Dungeon (3/15)

Altars:


Message History

You barely miss the kobold. The kobold hits you but does no damage.
You barely miss the kobold. The kobold hits you but does no damage.
You hit the kobold.
You kill the kobold!
Your Stealth skill increases to level 3!
c - 15 stones (gained 2)
You see here a +0 club.
b - a +0 dagger (weapon)
Found 4 gold pieces.
You now have 33 gold pieces (gained 4).
Found 8 gold pieces.
A gnoll and a kobold come into view.
You see here 8 gold pieces.
Unknown command.
The helpless kobold fails to defend itself.
You impale the kobold!!
You kill the kobold!
You see here 8 gold pieces.
It was a potion of degeneration.
There was something very wrong with that liquid.
You feel weakened.
You feel dopey.
You feel clumsy. The gnoll hits you with a +0 club.
It was a potion of curing.
You feel better. The gnoll hits you with a +0 club!
It was a potion of haste.
You feel yourself speed up. The gnoll barely misses you.
a - a +0 short sword (weapon)
You hit the gnoll.
The gnoll is moderately wounded.
The gnoll closely misses you.
You barely miss the gnoll.
The gnoll is moderately wounded.
It was a potion of might.
You feel very mighty all of a sudden. The gnoll hits you with a +0 club.
* * * LOW HITPOINT WARNING * * *
Unknown command.
You barely miss the gnoll.
The gnoll is moderately wounded.
The gnoll hits you with a +0 club.
You die...

♣.♣ #...........##...###)..##.
♣♣.♣ ....... ..# #.#.#.#.#.###
♣.♣♣ #..... #.###...#.#...###
♣♣.♣ #.⌠..# #....###...###...
♣.♣♣ #..).# #..#.#.#.#.#.#.#. ..♣
#....# #....##.#.#.##... ..♣
#....###.###..#.#.#..### ..♣
#####...#.$g..#...#.#.#.#...# ..♣
#..........#@.###..#.#.#..###
..###...########.....##.#.#.##...
......# ##P###...#.#.#.#.#.#.#.
.####.# ... ##....###...###... .#
#.######.# #.###...#.#...### .#
#.....#######.###.#.#.#.#.### .#
#.###......##..##...###...##. ..
...# #........................
.####.# #########.........#######


You could see a gnoll.

Vanquished Creatures
  A dart slug (D:2)
  2 bats
  An endoplasm (D:3)
  A goblin (D:3)
  3 hobgoblins
  2 frilled lizards
  2 kobolds (D:3)
  A rat (D:2)
13 creatures vanquished.

Notes
Turn   | Place    | Note
-------+----------+-------------------------------------------
     0 | D:1      | Spectrina the Deep Elf Monk began the quest for the Orb.
     0 | D:1      | Reached XP level 1. HP: 13/13 MP: 3/3
    74 | D:2      | Reached skill level 1 in Invocations
   174 | D:2      | Reached XP level 2. HP: 12/18 MP: 3/5
   445 | D:3      | Slain by a gnoll

Illustrated notes

Levels and vault maps discovered:
D:1:      noname_arrival_rooms_in_the_neighbourhood, layout_rooms,
          hellmonk_ecumenical_altar_defaced_shrine, lemuel_old_faithful
D:2:      layout_loops_corners, basic_altar
D:3:      kb_forest_paths, layout_basic, mainiacjoe_overflow_alcove_2,
          serial_aquarium, aquarium_bridge_straight [aquarium_subvault_bridge,
          aquarium_subvault_window, aquarium_subvault_bridge,
          aquarium_subvault_wall], aquarium_bridge_square
          [aquarium_subvault_wall, aquarium_subvault_bridge,
          aquarium_subvault_balcony, aquarium_subvault_bridge],
          aquarium_window_2, aquarium_window_1, aquarium_window_corridor_2,
          aquarium_view_2b, aquarium_view_2c, aquarium_balcony_3a,
          hangedman_feature_mirror, minmay_starry_boxes,
          uniq_crazy_yiuf_cottage, uniq_ijyb

Skill      XL: |  1  2 |
---------------+-------+-----
Invocations    | 1 |  1.9
Stealth        | 3 |  3.0
Fighting       | |  2.4
Short Blades   | |  3.0
Dodging        | |  3.6

Action                   || total
-------------------------++-------
Melee: Short sword       ||    37
       Dagger            ||     1
Throw: Stone             ||     3
  Use: Potion            ||     4
 Stab: Sleeping          ||     5
Armor: Robe              ||     8
Dodge: Dodged            ||    11
